[Event "Queens Festival Final Team 2022"]
[Site "Tornelo"]
[Date "2022.06.26"]
[Round "7.6"]
[White "Bakhshizada, Asnad"]
[Black "Banda Tapiwa"]
[Result "1-0"]
[ECO "D31"]
[WhiteElo "1052"]
[BlackElo "1213"]
[Annotator "NA RC"]
[PlyCount "91"]
[EventDate "2022.06.24"]
[EventType "team-tourn"]
[EventCountry "NET"]
[SourceTitle "playchess.com"]
[Source "ChessBase"]
[SourceQuality "1"]
[WhiteTeam "Azerbaijan"]
[BlackTeam "MAW"]
[WhiteTeamCountry "AZE"]
[TimeControl "180+2"]

1. d4 d5 2. c4 c6 3. Nc3 e6 4. Nf3 Bb4 5. Bd2 Bxc3 6. Bxc3 Nf6 7. e3 O-O 8. Bd3 g6 9. O-O a6 10. a4 Nbd7 11. h3 b6 12. Ne5 Nxe5 13. dxe5 Nd7 14. f4 Nc5 15. Be2 Bb7 16. Bb4 Re8 17. Bxc5 bxc5 18. Bf3 d4 19. exd4 Qxd4+ 20. Qxd4 cxd4 21. c5 Rad8 22. Rad1 d3 23. Rd2 Rd4 24. Rfd1 Red8 25. a5 Kg7 26. g3 f6 27. exf6+ Kxf6 28. Kf2 h6 29. Ke3 g5 30. fxg5+ hxg5 31. Rxd3 Rxd3+ 32. Rxd3 Rxd3+ 33. Kxd3 Ke5 34. b3 Ba8 35. b4 Bb7 36. h4 gxh4 37. gxh4 Kf4 38. Bd1 e5 39. h5 Kg5 40. Ke4 Kf6 41. h6 Kg6 42. Kxe5 Kxh6 43. Kd6 Bc8 44. Kxc6 Bf5 45. Kb6 Bd3 46. c6 1-0

[Event "Queens Festival Final Team 2022"]
[Site "Tornelo"]
[Date "2022.06.26"]
[Round "8.1"]
[White "Mammadova, Aysel"]
[Black "Grigoryan, Meri"]
[Result "1-0"]
[ECO "C54"]
[WhiteElo "1893"]
[BlackElo "1993"]
[Annotator "NA RC"]
[PlyCount "107"]
[EventDate "2022.06.24"]
[EventType "team-tourn"]
[EventCountry "NET"]
[SourceTitle "playchess.com"]
[Source "ChessBase"]
[SourceQuality "1"]
[WhiteTeam "Azerbaijan"]
[BlackTeam "England"]
[WhiteTeamCountry "AZE"]
[BlackTeamCountry "ENG"]
[TimeControl "180+2"]

1. e4 e5 2. Nf3 Nc6 3. Bc4 Bc5 4. c3 Nf6 5. d4 exd4 6. e5 Ng4 7. Bxf7+ Kf8 8. cxd4 Nxd4 9. Nxd4 Nxf2 10. Ne6+ Kxf7 11. Nxd8+ Rxd8 12. O-O d5 13. Qf3+ Kg8 14. Rxf2 Rf8 15. Qxd5+ Be6 16. Qxe6+ Kh8 17. Qc4 Bxf2+ 18. Kh1 Rae8 19. Nc3 Rxe5 20. Bf4 Rc5 21. Qe2 Bd4 22. Be3 Bxe3 23. Qxe3 Rcf5 24. h3 h6 25. Ne4 Re5 26. Qd4 Rfe8 27. Ng3 Re3 28. Nf5 R3e5 29. Kh2 c5 30. Qf4 Re4 31. Qg3 g5 32. Nd6 Re3 33. Nxe8 Rxg3 34. Kxg3 Kg8 35. Nd6 Kg7 36. Nxb7 Kf6 37. Nxc5 Ke5 38. b4 Kd5 39. Rd1+ Kc4 40. a3 a5 41. Rd6 axb4 42. axb4 Kxb4 43. Rxh6 Kxc5 44. h4 Kd5 45. hxg5 Ke5 46. g6 Kf5 47. g7 Ke4 48. g8=Q Ke3 49. Re6+ Kd4 50. Qd8+ Kc5 51. Qd7 Kb4 52. Rc6 Kb5 53. Qb7+ Ka5 54. Ra6# 1-0

[Event "Queens Festival Final Team 2022"]
[Site "Tornelo"]
[Date "2022.06.26"]
[Round "8.1"]
[White "Subramanian, Anusha"]
[Black "Ismayil, Malak"]
[Result "0-1"]
[ECO "A01"]
[WhiteElo "1671"]
[BlackElo "2001"]
[Annotator "NA RC"]
[PlyCount "152"]
[EventDate "2022.06.24"]
[EventType "team-tourn"]
[EventCountry "NET"]
[SourceTitle "playchess.com"]
[Source "ChessBase"]
[SourceQuality "1"]
[WhiteTeam "England"]
[BlackTeam "Azerbaijan"]
[WhiteTeamCountry "ENG"]
[BlackTeamCountry "AZE"]
[TimeControl "180+2"]

1. b3 e5 2. Bb2 Nc6 3. Nf3 d6 4. e3 Be7 5. Be2 Nf6 6. d4 exd4 7. Nxd4 Bd7 8. c4 O-O 9. O-O Ne8 10. Bf3 Bf6 11. Na3 Qe7 12. Nac2 Nd8 13. Rb1 g6 14. Ne2 Bxb2 15. Rxb2 Ng7 16. Ncd4 Qf6 17. Rb1 a6 18. Nc3 Be6 19. Ne4 Qe7 20. Ng3 Rb8 21. Qd2 h5 22. Nge2 Bd7 23. Rfc1 Nde6 24. Nxe6 fxe6 25. Qc2 Qf6 26. Nf4 Nf5 27. c5 d5 28. Qc3 Qxc3 29. Rxc3 Kg7 30. Ne2 c6 31. Nd4 e5 32. Nxf5+ Bxf5 33. Rd1 e4 34. Be2 Rf7 35. Rd4 Rbf8 36. Rc2 Be6 37. Bf1 Bg4 38. h3 Be6 39. b4 Bd7 40. a4 g5 41. Rdd2 g4 42. hxg4 hxg4 43. g3 Kg6 44. Rb2 Kf6 45. b5 axb5 46. axb5 Ke5 47. bxc6 bxc6 48. Bg2 Bc8 49. Rb6 Rc7 50. Rdb2 Be6 51. Rb7 Rfc8 52. Rxc7 Rxc7 53. Rb6 Bf5 54. Rb8 Ra7 55. Re8+ Kf6 56. Rf8+ Ke6 57. Re8+ Kf7 58. Rb8 Bd7 59. Rb6 Ra5 60. Rb7 Ke6 61. Bf1 Rxc5 62. Kg2 Kd6 63. Be2 Rc2 64. Bd1 Rd2 65. Ba4 Ra2 66. Bb3 Rb2 67. Rb8 Kc7 68. Rb4 c5 69. Ra4 Bxa4 70. Bxa4 c4 71. Be8 c3 72. Bf7 c2 73. Bxd5 c1=Q 74. Bxe4 Qe1 75. Bf5 Qxf2+ 76. Kh1 Qh2# 0-1

[Event "Queens Festival Final Team 2022"]
[Site "Tornelo"]
[Date "2022.06.26"]
[Round "8.1"]
[White "Posadas, Rayelynn"]
[Black "Khalilova, Khadija"]
[Result "0-1"]
[ECO "E06"]
[WhiteElo "1648"]
[BlackElo "1777"]
[Annotator "NA RC"]
[PlyCount "78"]
[EventDate "2022.06.24"]
[EventType "team-tourn"]
[EventCountry "NET"]
[SourceTitle "playchess.com"]
[Source "ChessBase"]
[SourceQuality "1"]
[WhiteTeam "England"]
[BlackTeam "Azerbaijan"]
[WhiteTeamCountry "ENG"]
[BlackTeamCountry "AZE"]
[TimeControl "180+2"]

1. Nf3 d5 2. d4 e6 3. g3 Nf6 4. Bg2 c5 5. O-O Nc6 6. c4 Be7 7. Nc3 dxc4 8. Qa4 O-O 9. Qxc4 cxd4 10. Rd1 e5 11. e3 Bg4 12. h3 Be6 13. Qe2 Qb6 14. exd4 exd4 15. Na4 Qa5 16. b3 Rfe8 17. Bb2 b5 18. Rac1 bxa4 19. Rxc6 axb3 20. axb3 Bxb3 21. Rdc1 Bb4 22. Qd3 Ba4 23. Qxd4 Bxc6 24. Rxc6 Be7 25. Bc3 Qd5 26. Qa4 Rac8 27. Ne5 Qd8 28. Rxc8 Qxc8 29. Bd2 Bc5 30. Qb3 Rxe5 31. Bf4 Re8 32. Kh2 Bxf2 33. Bg5 Bd4 34. Bxf6 Bxf6 35. Bb7 Qc7 36. h4 g6 37. Bg2 Kg7 38. Kh3 Bd4 39. Bd5 Re3 0-1

[Event "Queens Festival Final Team 2022"]
[Site "Tornelo"]
[Date "2022.06.26"]
[Round "8.1"]
[White "Bakhshizada, Asnad"]
[Black "Catabay, Mae Katelyn Rose"]
[Result "1-0"]
[ECO "D85"]
[WhiteElo "1052"]
[BlackElo "1321"]
[Annotator "NA RC"]
[PlyCount "101"]
[EventDate "2022.06.24"]
[EventType "team-tourn"]
[EventCountry "NET"]
[SourceTitle "playchess.com"]
[Source "ChessBase"]
[SourceQuality "1"]
[WhiteTeam "Azerbaijan"]
[BlackTeam "England"]
[WhiteTeamCountry "AZE"]
[BlackTeamCountry "ENG"]
[TimeControl "180+2"]

1. d4 Nf6 2. c4 g6 3. Nc3 d5 4. cxd5 Nxd5 5. e4 Nxc3 6. bxc3 Bg7 7. Be3 e6 8. Nf3 O-O 9. Rc1 Nc6 10. Bd3 b6 11. O-O Bb7 12. e5 Ne7 13. Bg5 Qd7 14. Qe2 h6 15. Be3 Nf5 16. Bxf5 exf5 17. h3 g5 18. Nh2 f4 19. Bd2 Rae8 20. f3 f6 21. Qc4+ Bd5 22. Qd3 fxe5 23. dxe5 Rxe5 24. Ng4 Re6 25. c4 Bc6 26. Qxd7 Bxd7 27. Rfd1 h5 28. Nf2 Bc6 29. Bb4 Rfe8 30. Rd3 a5 31. Bd2 Re2 32. Nd1 g4 33. Nc3 Bxc3 34. Bxc3 gxf3 35. gxf3 Rxa2 36. Bd2 Kf7 37. Bxf4 Rg8+ 38. Kh1 Rf2 39. Rcc3 Rf1+ 40. Kh2 Rgg1 41. Be3 h4 42. Bxg1 Re1 43. Bf2 Re2 44. Kg1 a4 45. Re3 Rxe3 46. Rxe3 Kf6 47. Ra3 Kf5 48. Bxh4 Kf4 49. Bd8 Bxf3 50. Bxc7+ Ke4 51. Bxb6 1-0

[Event "Queens Festival Final Team 2022"]
[Site "Tornelo"]
[Date "2022.06.26"]
[Round "8.2"]
[White "Maksimovic, Suzana"]
[Black "Shriyan santosh Priyasha"]
[Result "1-0"]
[ECO "B09"]
[WhiteElo "2145"]
[BlackElo "1597"]
[Annotator "RC"]
[PlyCount "47"]
[EventDate "2022.06.24"]
[EventType "team-tourn"]
[EventCountry "NET"]
[SourceTitle "playchess.com"]
[Source "ChessBase"]
[SourceQuality "1"]
[WhiteTeam "Serbia"]
[BlackTeam "MAW"]
[WhiteTeamCountry "SRB"]
[TimeControl "180+2"]

1. d4 g6 2. e4 Bg7 3. Nc3 d6 4. f4 Nf6 5. Nf3 e6 6. e5 dxe5 7. fxe5 Nd5 8. Ne4 b6 9. c4 Ne7 10. Bg5 h6 11. Nf6+ Kf8 12. Be3 Nd7 13. Nxd7+ Bxd7 14. Be2 Kg8 15. O-O Kh7 16. g4 Rf8 17. Qe1 Bc6 18. Qg3 Bb7 19. Rad1 c6 20. Qh3 Nc8 21. Ng5+ Kg8 22. Ne4 Kh7 23. Nf6+ Bxf6 24. Qxh6+ 1-0

[Event "Queens Festival Final Team 2022"]
[Site "Tornelo"]
[Date "2022.06.26"]
[Round "8.2"]
[White "Vukosavljevic, Tatjana"]
[Black "Nkhoma, Desiderata"]
[Result "1-0"]
[ECO "E65"]
[WhiteElo "1758"]
[BlackElo "1465"]
[Annotator "NA"]
[PlyCount "59"]
[EventDate "2022.06.24"]
[EventType "team-tourn"]
[EventCountry "NET"]
[SourceTitle "playchess.com"]
[Source "ChessBase"]
[SourceQuality "1"]
[WhiteTeam "Serbia"]
[BlackTeam "MAW"]
[WhiteTeamCountry "SRB"]
[TimeControl "180+2"]

1. Nf3 d6 2. d4 Nf6 3. g3 g6 4. Bg2 Bg7 5. O-O O-O 6. c4 c5 7. Nc3 cxd4 8. Nxd4 Qc7 9. b3 Nc6 10. e3 Nxd4 11. exd4 Rb8 12. Bb2 e6 13. Nb5 b6 14. Nxc7 d5 15. cxd5 exd5 16. Nxd5 Ba6 17. Re1 Rbd8 18. Ne7+ Kh8 19. d5 Rfe8 20. d6 Rxe7 21. Rxe7 Bc8 22. Qd2 Bd7 23. Rc1 Bc8 24. Rcc7 Kg8 25. Rxf7 Be6 26. Rxg7+ Kf8 27. Bxf6 a6 28. Rxh7 b5 29. Qh6+ Ke8 30. Rce7# 1-0

[Event "Queens Festival Final Team 2022"]
[Site "Tornelo"]
[Date "2022.06.26"]
[Round "8.2"]
[White "Banda Tapiwa"]
[Black "Vujovic, Vera"]
[Result "0-1"]
[ECO "B30"]
[WhiteElo "1213"]
[BlackElo "1353"]
[Annotator "NA RC"]
[PlyCount "52"]
[EventDate "2022.06.24"]
[EventType "team-tourn"]
[EventCountry "NET"]
[SourceTitle "playchess.com"]
[Source "ChessBase"]
[SourceQuality "1"]
[WhiteTeam "MAW"]
[BlackTeam "Serbia"]
[BlackTeamCountry "SRB"]
[TimeControl "180+2"]

1. e4 c5 2. Nf3 d6 3. c4 Nc6 4. Nc3 e5 5. Nd5 Nf6 6. Nxf6+ Qxf6 7. d3 Bg4 8. Bg5 Bxf3 9. Bxf6 Bxd1 10. Rxd1 gxf6 11. g3 a6 12. Bh3 b5 13. b3 Nb4 14. Rd2 bxc4 15. a3 Nxd3+ 16. Ke2 Bh6 17. bxc4 Bxd2 18. Kxd2 Nxf2 19. Bg2 Nxh1 20. Bxh1 Rb8 21. Kc3 Rb1 22. Bf3 Rf1 23. Be2 Rf2 24. Kd3 Rxh2 25. g4 Rh3+ 26. Kc2 Rxa3 0-1

[Event "Queens Festival Final Team 2022"]
[Site "Tornelo"]
[Date "2022.06.26"]
[Round "8.3"]
[White "Krush, Irina"]
[Black "Marape, Naledi"]
[Result "1-0"]
[ECO "D06"]
[WhiteElo "2430"]
[BlackElo "1707"]
[Annotator "TA"]
[PlyCount "53"]
[EventDate "2022.06.24"]
[EventType "team-tourn"]
[EventCountry "NET"]
[SourceTitle "playchess.com"]
[Source "ChessBase"]
[SourceQuality "1"]
[WhiteTeam "United States"]
[BlackTeam "Botswana"]
[WhiteTeamCountry "USA"]
[BlackTeamCountry "BOT"]
[TimeControl "180+2"]

1. d4 d5 2. c4 Nf6 3. cxd5 Nxd5 4. e4 Nf6 5. Nc3 c6 6. Nf3 e6 7. Bd3 {[%emt 0:00:03] D06: Queen's Gambit: Symmetrical and Baltic Defences.} Be7 8. O-O {[%emt 0:00:07] White is more active.} O-O (8... b6 $16 {was necessary.}) 9. Qc2 $18 {[%emt 0:00:10] Threatens to win with e5. White is clearly better.} h6 10. h3 {[%emt 0:00:01] [#]} Nbd7 $146 ({Predecessor:} 10... a5 11. Bf4 b6 12. Rad1 Bb7 13. Qe2 Nh5 14. Bc1 Na6 15. e5 Nb4 16. Bb1 Ba6 {1-0 (40) Laffont,J (1590)-Draba,H (1636) LSS email 2012}) 11. Be3 c5 (11... Re8 $16 12. a3 Qc7) 12. e5 Nd5 13. Nxd5 exd5 14. dxc5 Qc7 15. Bd4 ({Don't do} 15. Bh7+ $6 Kh8 $16) 15... b6 (15... a5 $16 {was worth a try.}) 16. cxb6 Qxc2 17. Bxc2 Nxb6 18. b3 Ba6 19. Rfd1 Rac8 (19... Be2 $16) 20. Bf5 Rc6 (20... Rc7 $142 21. Rac1 Rb7) 21. Rac1 Rxc1 22. Rxc1 {[%emt 0:00:01] Black must now prevent Rc7.} Ba3 23. Rc7 Nc8 24. e6 {[%emt 0:00:11] [#] And now exf7+ would win.} fxe6 (24... Bd6 $18) 25. Rxg7+ {[%emt 0:00:04] White mates.} Kh8 26. Rxa7+ Kg8 27. Bh7# {[%emt 0:00:02] Weighted Error Value: White=0.13 (very precise) /Black=0.69} 1-0

[Event "Queens Festival Final Team 2022"]
[Site "Tornelo"]
[Date "2022.06.26"]
[Round "8.3"]
[White "Yellamraju, Aparna"]
[Black "Francis, Onkemetse"]
[Result "1-0"]
[ECO "E09"]
[WhiteElo "1720"]
[BlackElo "1777"]
[Annotator "NA RC"]
[PlyCount "75"]
[EventDate "2022.06.24"]
[EventType "team-tourn"]
[EventCountry "NET"]
[SourceTitle "playchess.com"]
[Source "ChessBase"]
[SourceQuality "1"]
[WhiteTeam "United States"]
[BlackTeam "Botswana"]
[WhiteTeamCountry "USA"]
[BlackTeamCountry "BOT"]
[TimeControl "180+2"]

1. d4 d5 2. c4 e6 3. Nf3 Nf6 4. g3 Be7 5. Bg2 c6 6. O-O O-O 7. Qc2 Nbd7 8. Nbd2 Re8 9. b3 b6 10. Bb2 Bb7 11. e4 dxc4 12. bxc4 h6 13. Rad1 Rc8 14. e5 Nh7 15. Qa4 a6 16. Ba3 b5 17. Qb3 Ndf8 18. Bxe7 Qxe7 19. Ne4 Red8 20. Nd6 Rc7 21. Ne1 Rxd6 22. exd6 Qxd6 23. cxb5 cxb5 24. Bxb7 Rxb7 25. Qf3 Rb8 26. Nd3 Nf6 27. Ne5 N8d7 28. Nxd7 Qxd7 29. Rd2 a5 30. Rfd1 b4 31. Qb3 Nd5 32. Qc4 Qa4 33. Rb1 Nc3 34. Rbb2 Nd5 35. Qb3 Qb5 36. Qd3 Qc6 37. Rdc2 Qd6 38. Qe4 1-0

[Event "Queens Festival Final Team 2022"]
[Site "Tornelo"]
[Date "2022.06.26"]
[Round "8.3"]
[White "Moshoboro Arona"]
[Black "Bian, Erin"]
[Result "0-1"]
[ECO "E21"]
[WhiteElo "1555"]
[BlackElo "1811"]
[Annotator "NA"]
[PlyCount "60"]
[EventDate "2022.06.24"]
[EventType "team-tourn"]
[EventCountry "NET"]
[SourceTitle "playchess.com"]
[Source "ChessBase"]
[SourceQuality "1"]
[WhiteTeam "Botswana"]
[BlackTeam "United States"]
[WhiteTeamCountry "BOT"]
[BlackTeamCountry "USA"]
[TimeControl "180+2"]

1. d4 Nf6 2. c4 e6 3. Nc3 Bb4 4. Bd2 b6 5. e3 Bb7 6. Be2 O-O 7. Nf3 d5 8. O-O c5 9. a3 Bxc3 10. Bxc3 Nc6 11. cxd5 exd5 12. Qc2 Rc8 13. Rac1 cxd4 14. exd4 Ne4 15. Qd3 Re8 16. Ne5 Nxe5 17. dxe5 Nxc3 18. Rxc3 Rxe5 19. Rxc8 Qxc8 20. Bf3 Qe6 21. h3 g6 22. Qc3 d4 23. Qxd4 Bxf3 24. gxf3 Rh5 25. Qd8+ Kg7 26. Qd4+ f6 27. Rc1 Qxh3 28. Rc7+ Kh6 29. Qf4+ Rg5+ 30. Qg3 Rxg3+ 0-1

[Event "Queens Festival Final Team 2022"]
[Site "Tornelo"]
[Date "2022.06.26"]
[Round "8.4"]
[White "Alboredo, Julia"]
[Black "Shah, Riya"]
[Result "1-0"]
[ECO "C56"]
[WhiteElo "2252"]
[BlackElo "1559"]
[Annotator "TA"]
[PlyCount "69"]
[EventDate "2022.06.24"]
[EventType "team-tourn"]
[EventCountry "NET"]
[SourceTitle "playchess.com"]
[Source "ChessBase"]
[SourceQuality "1"]
[WhiteTeam "Brazil"]
[BlackTeam "Kenya"]
[WhiteTeamCountry "BRA"]
[BlackTeamCountry "KEN"]
[TimeControl "180+2"]

1. e4 e5 2. Nf3 Nc6 3. d4 exd4 4. Bc4 Nf6 5. e5 Ng8 6. O-O {[%emt 0:00:03] [#] C56: Two Knights: 4 d4 exd4 5 0-0 Nxe4.} Nge7 $146 {[%emt 0:00:06] [#]} (6... d5 $11 7. exd6 Qxd6) ({Predecessor:} 6... Bc5 7. Re1 Nge7 8. c3 dxc3 9. Nxc3 O-O 10. a3 h6 11. Qc2 Re8 12. Ne4 Bb6 13. Bxh6 Ng6 {1-0 (38) Schriefer,L (1037)-Zimmer,T (1013) Magdeburg 2021}) 7. Re1 $1 $18 {[%emt 0:00:06] Threatens to win with Ng5.} ({Much less strong is} 7. Nxd4 $6 Nxe5 8. Bb3 g6 $14) 7... g6 $2 {[%emt 0:00:13] [#]} (7... h6) 8. Ng5 $1 {[%emt 0:00:02][%csl Gg5][%cal Rc4f7] White is clearly winning.} d5 9. exd6 $1 {[%emt 0:00:02][%mdl 64] Pin} Be6 10. dxe7 Bxe7 11. Bxe6 fxe6 12. Nxe6 Qd6 13. Bf4 Qb4 14. Nxc7+ Kd7 15. Nxa8 Rxa8 16. Nd2 {[%emt 0:00:08] Strongly threatening Qg4+.} Qxb2 17. Nc4 Qb4 18. Ne5+ Nxe5 19. Bxe5 {[%emt 0:00:01] White threatens Qg4+ and mate.} Rf8 20. Qxd4+ Qxd4 21. Bxd4 Bd6 22. Rab1 b6 23. a4 Rf4 24. c3 Kc6 25. g3 Rf5 26. Re8 Ra5 27. Rc8+ Kb7 28. Rh8 Rxa4 29. Rxh7+ Kc6 30. Rg7 Bc5 31. Rxg6+ Kd5 32. Bxc5 Kxc5 33. h4 {[%emt 0:00:01][%cal Bh2h4,Bh4h5,Bh5h6][%mdl 32] Intending h5 and mate.} Rc4 34. h5 Rxc3 35. h6 {[%emt 0:00:00] Black got outplayed after the opening.  Weighted Error Value: White=0.17 (very precise) /Black=1.83} 1-0

[Event "Queens Festival Final Team 2022"]
[Site "Tornelo"]
[Date "2022.06.26"]
[Round "8.4"]
[White "Bucci, Andrea Vidigal"]
[Black "Kosgey Sheila Jerop"]
[Result "0-1"]
[ECO "C42"]
[WhiteElo "1769"]
[BlackElo "1242"]
[Annotator "NA RC"]
[PlyCount "84"]
[EventDate "2022.06.24"]
[EventType "team-tourn"]
[EventCountry "NET"]
[SourceTitle "playchess.com"]
[Source "ChessBase"]
[SourceQuality "1"]
[WhiteTeam "Brazil"]
[BlackTeam "Kenya"]
[WhiteTeamCountry "BRA"]
[BlackTeamCountry "KEN"]
[TimeControl "180+2"]

1. e4 e5 2. Nf3 Nf6 3. d3 d6 4. Be2 g6 5. c3 Bg7 6. O-O O-O 7. Nbd2 Re8 8. Re1 c6 9. Nf1 d5 10. Qc2 Nbd7 11. Ng3 Nf8 12. Bg5 h6 13. Bd2 N8h7 14. Rad1 Qc7 15. Qc1 h5 16. Bh6 Bh8 17. Ng5 Ng4 18. Nxh7 Kxh7 19. Bd2 Bf6 20. f4 exf4 21. Bxf4 Qe7 22. exd5 Qc5+ 23. d4 Qxd5 24. Bf3 Qd8 25. Qc2 Kg7 26. h3 Nh6 27. Qd2 Nf5 28. Nxf5+ Bxf5 29. Bh6+ Kh7 30. Rxe8 Qxe8 31. Re1 Qd7 32. Bg5 Bg7 33. Qf2 Re8 34. Rxe8 Qxe8 35. Bxh5 Qe4 36. Bf3 Qb1+ 37. Kh2 Qxa2 38. g4 Be6 39. Kg3 Qa5 40. Be7 Qc7+ 41. Kg2 Qxe7 42. Qh4+ Qxh4 0-1

[Event "Queens Festival Final Team 2022"]
[Site "Tornelo"]
[Date "2022.06.26"]
[Round "8.4"]
[White "Mwendwa, Triza"]
[Black "Medeiros, Thauane Ferreira"]
[Result "0-1"]
[ECO "D02"]
[WhiteElo "1470"]
[BlackElo "1884"]
[Annotator "NA RC"]
[PlyCount "30"]
[EventDate "2022.06.24"]
[EventType "team-tourn"]
[EventCountry "NET"]
[SourceTitle "playchess.com"]
[Source "ChessBase"]
[SourceQuality "1"]
[WhiteTeam "Kenya"]
[BlackTeam "Brazil"]
[WhiteTeamCountry "KEN"]
[BlackTeamCountry "BRA"]
[TimeControl "180+2"]

1. d4 d5 2. Bf4 Nf6 3. e3 c5 4. Nf3 Nc6 5. Nc3 Bf5 6. Nb5 Rc8 7. c3 e6 8. Ne5 a6 9. Nxc6 Rxc6 10. Na3 cxd4 11. cxd4 Bb4+ 12. Ke2 Bxa3 13. bxa3 Rc2+ 14. Ke1 Qa5+ 15. Qd2 Qxd2# 0-1

[Event "Queens Festival Final Team 2022"]
[Site "Tornelo"]
[Date "2022.06.26"]
[Round "8.4"]
[White "Muthoni, Vivian"]
[Black "Gomes, Maria Eduarda Papini"]
[Result "0-1"]
[ECO "B01"]
[WhiteElo "1128"]
[BlackElo "1618"]
[Annotator "NA RC"]
[PlyCount "66"]
[EventDate "2022.06.24"]
[EventType "team-tourn"]
[EventCountry "NET"]
[SourceTitle "playchess.com"]
[Source "ChessBase"]
[SourceQuality "1"]
[WhiteTeam "Kenya"]
[BlackTeam "Brazil"]
[WhiteTeamCountry "KEN"]
[BlackTeamCountry "BRA"]
[TimeControl "180+2"]

1. e4 d5 2. exd5 Qxd5 3. Nc3 Qa5 4. Nf3 Nf6 5. Bc4 Bf5 6. O-O e6 7. a3 c6 8. d3 Bd6 9. Qe2 O-O 10. Bd2 Qc7 11. Ng5 Bxh2+ 12. Kh1 Bf4 13. Bxf4 Qxf4 14. Nf3 Bg4 15. Rae1 Nbd7 16. Qe3 Qxe3 17. fxe3 Nd5 18. Bxd5 cxd5 19. Nh4 Nf6 20. e4 dxe4 21. Nxe4 Nxe4 22. Rxe4 Bh5 23. Re3 Rac8 24. c4 Rfd8 25. Rg3 Rd4 26. Nf3 Rxd3 27. Ne5 Rxg3 28. Kh2 Rg5 29. Nf3 Bxf3 30. Rxf3 Rxc4 31. Rd3 h6 32. b3 Rc7 33. Rd8+ Kh7 0-1

[Event "Queens Festival Final Team 2022"]
[Site "Tornelo"]
[Date "2022.06.26"]
[Round "8.5"]
[White "Perez Rodriguez, Jennifer"]
[Black "Ovezdurdiyeva, Jemal"]
[Result "1-0"]
[ECO "B22"]
[WhiteElo "2251"]
[BlackElo "2061"]
[Annotator "RC"]
[PlyCount "53"]
[EventDate "2022.06.24"]
[EventType "team-tourn"]
[EventCountry "NET"]
[SourceTitle "playchess.com"]
[Source "ChessBase"]
[SourceQuality "1"]
[WhiteTeam "Paraguay"]
[BlackTeam "Turkmenistan"]
[WhiteTeamCountry "PAR"]
[BlackTeamCountry "TKM"]
[TimeControl "180+2"]

1. e4 c5 2. c3 d5 3. exd5 Qxd5 4. d4 Nf6 5. Nf3 Nc6 6. Be3 cxd4 7. cxd4 Bg4 8. Nc3 Qd6 9. d5 Ne5 10. Nxe5 Qxe5 11. Bb5+ Bd7 12. Bxd7+ Nxd7 13. O-O f6 14. Re1 Qf5 15. Qb3 b6 16. Nb5 Kf7 17. Rac1 g5 18. Nd4 Qg4 19. h3 Qh5 20. d6+ Kg6 21. dxe7 Bxe7 22. Qe6 Bb4 23. Qxd7 Bxe1 24. Qf5+ Kh6 25. Qxf6+ Qg6 26. Bxg5+ Kh5 27. g4# 1-0

[Event "Queens Festival Final Team 2022"]
[Site "Tornelo"]
[Date "2022.06.26"]
[Round "8.5"]
[White "Shohradowa, Lala"]
[Black "Mayeregger Gonzalez, Fiorella"]
[Result "1-0"]
[ECO "D13"]
[WhiteElo "1856"]
[BlackElo "1284"]
[Annotator "NA RC"]
[PlyCount "75"]
[EventDate "2022.06.24"]
[EventType "team-tourn"]
[EventCountry "NET"]
[SourceTitle "playchess.com"]
[Source "ChessBase"]
[SourceQuality "1"]
[WhiteTeam "Turkmenistan"]
[BlackTeam "Paraguay"]
[WhiteTeamCountry "TKM"]
[BlackTeamCountry "PAR"]
[TimeControl "180+2"]

1. d4 d5 2. c4 c6 3. Nf3 Nf6 4. cxd5 cxd5 5. Nc3 Nc6 6. Bf4 a6 7. e3 e6 8. Bd3 Bd6 9. Bg3 O-O 10. Ne5 Qc7 11. f4 b5 12. Rc1 Bb7 13. O-O Rac8 14. Bh4 Be7 15. a3 Qd8 16. b4 Nd7 17. Bxe7 Qxe7 18. Qh5 g6 19. Qh6 Nb6 20. Rf3 Nc4 21. Rh3 f5 22. Nxg6 hxg6 23. Qh8+ Kf7 24. Rh7+ Ke8 25. Rxe7+ Kxe7 26. Qg7+ Rf7 27. Qxg6 Nxe3 28. Re1 Rf6 29. Qg7+ Rf7 30. Qg5+ Rf6 31. Rxe3 Nxd4 32. Qg7+ Rf7 33. Qxd4 Rg8 34. Nxd5+ Bxd5 35. Qxd5 Rf6 36. Qb7+ Kf8 37. Bxf5 Rxf5 38. Rxe6 1-0

[Event "Queens Festival Final Team 2022"]
[Site "Tornelo"]
[Date "2022.06.26"]
[Round "8.5"]
[White "Perez, Dalila"]
[Black "Agajanova, Meryem"]
[Result "0-1"]
[ECO "E05"]
[WhiteElo "1799"]
[BlackElo "1783"]
[Annotator "NA RC"]
[PlyCount "78"]
[EventDate "2022.06.24"]
[EventType "team-tourn"]
[EventCountry "NET"]
[SourceTitle "playchess.com"]
[Source "ChessBase"]
[SourceQuality "1"]
[WhiteTeam "Paraguay"]
[BlackTeam "Turkmenistan"]
[WhiteTeamCountry "PAR"]
[BlackTeamCountry "TKM"]
[TimeControl "180+2"]

1. d4 d5 2. Nf3 Nf6 3. c4 e6 4. g3 Be7 5. Bg2 O-O 6. O-O dxc4 7. Ne5 Nc6 8. Nxc6 bxc6 9. Bxc6 Rb8 10. Qc2 Bb7 11. Qxc4 Bxc6 12. Qxc6 Qxd4 13. Qxc7 Bd6 14. Qc3 Bc5 15. Bf4 Rxb2 16. e3 Qxc3 17. Nxc3 Bb4 18. Na4 Rc2 19. a3 Ba5 20. Bd6 Rfc8 21. Rab1 Ne4 22. Bb4 Bxb4 23. Rxb4 f5 24. Nb2 R8c3 25. a4 Ra3 26. Nc4 Raa2 27. Ne5 h6 28. Nd3 Rd2 29. Rd4 e5 30. Nxe5 Rxf2 31. Rxf2 Nxf2 32. Rd8+ Kh7 33. Rd7 Nh3+ 34. Kf1 Rxa4 35. Kg2 Ng5 36. Nc6 Ra2+ 37. Kf1 a5 38. Nd4 Kg6 39. h4 Ne4 0-1